 Dungeon Crawl Stone Soup version 0.32-a0-119-g2e8054a333 (webtiles) character file.

Game seed: 13545604056306053098

114 seren the Ruffian (level 4, -3/37 HPs)
             Began as a Draconian Shapeshifter on Feb 6, 2024.
             Slain by Grinder (6 damage)
             ... on level 3 of the Dungeon.
             The game lasted 00:05:16 (2132 turns).

seren the Ruffian (Draconian Shapeshifter)          Turns: 2132, Time: 00:05:17

Health: -3/37      AC:  5    Str: 18    XL:     4   Next: 66%
Magic:  4/4        EV: 12    Int: 10    God:
Gold:   139        SH:  0    Dex: 11    Spells: 3/3 levels left

rFire   . .          .
                       - Unarmed
rCold   . . .        (no shield)
rNeg    . . .        (body armour unavailable)
rPois   .            (helmet currently unavailable)
rElec   .            (cloak currently unavailable)
rCorr   .            (gloves currently unavailable)
SInv    .            (boots currently unavailable)
Will    .....        (no amulet)
Stlth   +            (no ring)
HPRegen 0.26/turn    (no ring)
MPRegen 0.09/turn

%: no passive effects
@: beast-form
A: beast (slay +2), AC +5, unfitting armour, cold-blooded
a: Begin Untransformation


You were on level 3 of the Dungeon.
You were a hulking beast.
You visited 1 branch of the dungeon, and saw 3 of its levels.

You collected 139 gold pieces.

Inventory:

Talismans
 b - a beast talisman
 c - a flux talisman
 i - a serpent talisman
Wands
 l - a wand of polymorph (5)
Scrolls
 d - a scroll of poison {unknown}
 e - 2 scrolls of identify {unknown}
 f - a scroll of teleportation {unknown}
 j - 2 scrolls of vulnerability {unknown}
Potions
 a - 2 potions of lignification
 g - a potion of might {unknown}
 h - a potion of degeneration {unknown}
 k - a potion of mutation {unknown}
 m - a potion of curing {unknown}


   Skills:
 + Level 2.5 Fighting
 + Level 2.7 Dodging
 + Level 3.7 Unarmed Combat
 + Level 0.0 Evocations
 + Level 3.6 Shapeshifting


You had 3 spell levels left.
You didn't know any spells.
Your spell library contained the following spells:

 Spells                   Type           Power      Damage    Failure   Level
 Frozen Ramparts          Ice            0%         1d1       75%         3
 Leda's Liquefaction      Alch/Erth      0%         N/A       98%         4
 Petrify                  Alch/Erth      0%         N/A       98%         4
 Metabolic Englaciation   Hex/Ice        0%         N/A       100%        5


Dungeon Overview and Level Annotations

Branches:
Dungeon (3/15)

Altars:
Yredelemnul

Shops:
D:1 *

Annotations:
D:2 exclusion: downstairs
D:3 Grinder


Innate Abilities, Weirdness & Mutations

You are a hulking beast.
Your limbs bulge with bestial killing power. (Slay +2)
Your plain brown scales are hard. (AC +5)
You cannot fit into any form of body armour.
You are cold-blooded and may be slowed by cold attacks.


Message History

Pain shoots through your body!
Okay, then.
Okay, then.
Grinder gestures at you.
You suddenly lose the ability to move!
Grinder blinks!
You can move again.
Unknown command.
Unknown command.
You start resting.
Grinder is nearby!
Grinder says, "There's only one good use for a tongue: cutting it out."
You closely miss Grinder. Grinder hits you.
You barely miss Grinder. Grinder hits you.
You hit Grinder.
Grinder is lightly wounded.
Grinder hits you.
* * * LOW HITPOINT WARNING * * *
You writhe in agony.
* * * LOW HITPOINT WARNING * * *
You barely miss Grinder.
Grinder is lightly wounded.
Grinder gestures at you. Pain shoots through your body!
* * * LOW HITPOINT WARNING * * *
You hit Grinder.
Grinder is moderately wounded.
Grinder hits you.
* * * LOW HITPOINT WARNING * * *
You hit Grinder.
Your tail-slap misses Grinder.
Grinder is moderately wounded.
Grinder hits you.
* * * LOW HITPOINT WARNING * * *
You writhe in agony.
* * * LOW HITPOINT WARNING * * *
You hit Grinder.
Grinder is heavily wounded.
Grinder hits you.
You die...
Grinder sighs, "Dead already?
I want a refund."

########### ###
#....h5...###### ..####
##.######..#....# #....#
##..# ###.##....#
####.#####..## #...##....#
..>........######.####....#
.....................##..##
.....................##..#
.........###.........##>.#
.........# ##........##..#


You could see Grinder.

Vanquished Creatures
  Ijyb (D:2)
  Robin (D:2)
  An adder (D:2)
  2 ribbon worms (D:2)
  2 dart slugs
  4 ball pythons
  3 endoplasms
  A giant cockroach (D:2)
  14 goblins
  4 hobgoblins
  7 quokkas
  5 bats
  5 frilled lizards
  A kobold (D:3)
  4 rats
55 creatures vanquished.

Notes
Turn   | Place    | Note
-------+----------+-------------------------------------------
     0 | D:1      | seren the Draconian Shapeshifter began the quest for the
                  | Orb.
     0 | D:1      | Reached XP level 1. HP: 16/16 MP: 1/1
   142 | D:1      | Reached XP level 2. HP: 23/23 MP: 2/2
   240 | D:1      | Found Yja User's Assorted Antiques.
   705 | D:1      | Found a basalt altar of Yredelemnul.
   779 | D:2      | Noticed Robin
   799 | D:2      | Reached XP level 3. HP: 14/29 MP: 3/3
   916 | D:2      | Killed Robin
  1472 | D:3      | Noticed Grinder
  1544 | D:3      | Reached XP level 4. HP: 17/36 MP: 4/4
  1919 | D:3      | Noticed Ijyb
  2027 | D:2      | Killed Ijyb
  2104 | D:3      | Paralysed by Grinder for 2 turns
  2132 | D:3      | Slain by Grinder

Illustrated notes

Levels and vault maps discovered:
D:1:      dpeg_arrival_water_altar, layout_loops_ring, serial_shops, shop,
          chequers_serial_rivers_marsh
D:2:      layout_loops_ring, st_stairs_8, kennysheep_generic_room_9, uniq_robin
D:3:      layout_rooms, due_unseen_surprise, uniq_ijyb, uniq_crazy_yiuf_cottage,
          uniq_grinder

Skill      XL: |  1  2  3 |
---------------+----------+-----
Dodging        | 2 |  2.7
Fighting       | 2 |  2.5
Unarmed Combat | |  3.7
Shapeshifting  | |  3.6

Action                     |  1- 3 |  4- 6 || total
---------------------------+-------+-------++-------
  Melee: Unarmed           |    99 |    65 ||   164
         Tailslap          |    10 |     2 ||    12
         Punch             |     3 |       ||     3
   Stab: Sleeping          |     2 |       ||     2
         Confused          |       |     1 ||     1
 Armour: Skin              |    61 |    27 ||    88
  Dodge: Dodged            |    46 |    33 ||    79

Table legend: (Time is in decaauts)
 A = Elapsed time spent in this place.
 B = Non-inter-level travel time spent in this place.
 C = Inter-level travel time spent in this place.
 D = Time resting spent in this place.
 E = Time spent auto-exploring this place.
 F = Levels seen in this place.
 G = Mean time per level.
                   A        B        C        D        E       F      G
               +--------+--------+--------+--------+--------+-----+--------+
         Total |   2128 |   1996 |    132 |    236 |   1236 |   3 |  709.3 |
       Dungeon |   2128 |   1996 |    132 |    236 |   1236 |   3 |  709.3 |
               +--------+--------+--------+--------+--------+-----+--------+

Top non-repeatable levels by time:
     D:1: 824 daAuts
     D:2: 822 daAuts
     D:3: 481 daAuts
